 Dungeon Crawl Stone Soup version 0.26.1-11-gd32895ea62 (webtiles) character file.

Game seed: 16541705696573965490

2920 mankey1987 the Nimble (level 9, -2/84 HPs)
             Began as an Ogre Berserker on May 28, 2021.
             Was an Elder of Trog.
             Slain by Harold
             ... wielding a +0 short sword
              (12 damage)
             ... on level 8 of the Dungeon.
             The game lasted 00:17:53 (12175 turns).

mankey1987 the Nimble (Ogre Berserker)             Turns: 12175, Time: 00:17:53

Health: -2/84      AC:  6    Str: 23    XL:     9   Next: 79%
Magic:  0/9        EV:  8    Int:  8    God:    Trog [****..]
Gold:   326        SH:  0    Dex: 11    Spells: 8/8 levels left

rFire    . . .     SeeInvis .   v - +2 flail (protect)
rCold    . . .     Faith    .   (no shield)
rNeg     + + .     Spirit   +   b - +0 animal skin
rPois    .         Reflect  .   a - +2 hat
rElec    .         Harm     .   c - +0 cloak
rCorr    .         Rampage  .   (gloves unavailable)
Will     .....                  (boots unavailable)
Stlth    +.........             n - amulet of guardian spirit
HPRegen  0.24/turn              f - ring of positive energy
MPRegen  0.11/turn              g - ring of positive energy

@: lethally poisoned (-2 -> -11), marked, held, slowed, very slow
A: large, unfitting armour, tough skin 1
a: Renounce Religion, Berserk, Trog's Hand, Brothers in Arms


You were on level 8 of the Dungeon.
You worshipped Trog.
Trog was greatly pleased with you.
You visited 1 branch of the dungeon, and saw 8 of its levels.

You collected 326 gold pieces.

Inventory:

Hand Weapons
 o - a +0 morningstar
 v - a +2 flail of protection (weapon)
Armour
 a - a +2 hat (worn)
 b - a +0 animal skin (worn)
 c - a +0 cloak (worn)
Jewellery
 f - a ring of positive energy (left hand)
 g - a ring of positive energy (right hand)
 n - an amulet of guardian spirit (around neck)
Wands
 l - a wand of flame (14)
 t - a wand of paralysis (13)
Scrolls
 d - a scroll of fear {unknown}
 e - 3 scrolls of magic mapping
 h - 2 scrolls of fog
 j - 6 scrolls of teleportation
 m - 4 scrolls of remove curse
 q - a scroll of amnesia
 r - 5 scrolls of identify
 s - 3 scrolls of enchant weapon
Potions
 i - 2 potions of might
 k - 3 potions of curing
 p - a potion of heal wounds
 u - a potion of degeneration {unknown}


   Skills:
 - Level 4.0 Fighting
 - Level 2.7 Maces & Flails
 * Level 12.1 Dodging


You had 8 spell levels left.
You didn't know any spells.
Your spell library was empty.

Dungeon Overview and Level Annotations

Branches:
Dungeon (8/15)             Temple (0/1) D:6
   Lair: D:8-11

Altars:
Cheibriados
Nemelex Xobeh
Okawaru
Qazlal
Vehumet
The Shining One

Annotations:
D:8 Harold


Innate Abilities, Weirdness & Mutations

You are too large for most types of armour.
You have tough skin. (AC +1)


Message History

Your black bear closely misses the orc wizard.
Your black bear claws the orc wizard. x2
An orc warrior comes into view. It is wielding a -3 hand axe.
The adder bites you.
Your two-headed ogre hits Harold with a +0 giant club!
Your two-headed ogre barely misses Harold.
The worker ant bites you. Harold hits you with a +0 short sword!!
* * * LOW HITPOINT WARNING * * *
The orc wizard hits you with a +0 dagger.
* * * LOW HITPOINT WARNING * * *
The orc hits you but does no damage.
Your black bear barely misses the orc wizard.
Your black bear claws the orc wizard but does no damage.
Your black bear barely misses the orc wizard.
The orc wizard casts a spell at your black bear.
Your black bear resists with some effort.
The worker ant waves its antennae.
The adder barely misses you. The worker ant barely misses you.
Harold hits you with a +0 short sword!
You die...

...............
...............
............o.
...........#
###.......o#
.......Z...#
#..SoBh.#
#..@@o..#
#.O..o..#
####..### ....
###.# B# .# ..


You could see Harold, an orc warrior, 2 worker ants, 2 orc wizards, an adder, 2
orcs, a howler monkey skeleton, a friendly two-headed ogre (summoned, berserk)
and a friendly black bear (summoned, berserk).

Vanquished Creatures
  Grinder (D:6)
  Eustachio (D:5)
  Menkaure (D:5)
  A water moccasin (D:7)
  5 orc warriors
  2 ogres (D:6)
  3 centaurs
  2 big kobolds (D:7)
  A bullfrog (D:7)
  A wyvern zombie (D:6)
  3 scorpions (D:5)
  5 wights (D:7)
  A centaur zombie (D:5)
  A bullfrog zombie (D:5)
  2 hounds
  A jelly (D:6)
  3 orc wizards
  4 orc priests
  A gnoll shaman (D:5)
  A centaur skeleton (D:4)
  3 worker ants
  An iguana (D:6)
  A killer bee zombie (D:2)
  A hound zombie (D:3)
  2 worker ant zombies
  7 gnolls
  6 adders
  A white imp (D:6)
  An ufetubus (D:7)
  An ooze (D:5)
  4 adder skeletons
  2 adder zombies (D:3)
  3 worms
  3 dart slugs
  6 leopard geckos
  27 orcs
  3 ball pythons
  8 bats
  7 giant cockroaches
  5 goblins
  7 hobgoblins
  3 jackals (D:6)
  A quokka (D:3)
  8 frilled lizards
  A jackal zombie (D:3)
  18 kobolds
  2 leopard gecko zombies (D:3)
  A quokka zombie (D:6)
  9 rats
182 creatures vanquished.

Vanquished Creatures (collateral kills)
  A shadow imp (D:8)
1 creature vanquished.

Vanquished Creatures (others)
  5 withered plants (D:3)
5 creatures vanquished.

Grand Total: 188 creatures vanquished

Notes
Turn   | Place    | Note
-------+----------+-------------------------------------------
     0 | D:1      | mankey1987 the Ogre Berserker began the quest for the Orb.
     0 | D:1      | Reached XP level 1. HP: 24/24 MP: 1/1
   153 | D:1      | Reached skill level 3 in Dodging
   175 | D:1      | Reached XP level 2. HP: 28/32 MP: 2/2
  1186 | D:1      | Reached XP level 3. HP: 39/39 MP: 3/3
  1352 | D:2      | Reached skill level 4 in Dodging
  1435 | D:2      | Reached ** piety under Trog
  2039 | D:2      | Reached XP level 4. HP: 48/48 MP: 4/4
  3228 | D:3      | Reached skill level 5 in Dodging
  3377 | D:3      | Reached XP level 5. HP: 18/54 MP: 5/5
  3802 | D:3      | Reached *** piety under Trog
  4102 | D:3      | Found an iron altar of Okawaru.
  4591 | D:4      | Reached XP level 6. HP: 62/62 MP: 6/6
  4629 | D:4      | Got a twisted robe
  4630 | D:4      | Identified the cursed +0 robe of Paranoia {*Slow +Inv SInv}
                  | (You found it on level 4 of the Dungeon)
  4779 | D:5      | Entered Level 5 of the Dungeon
  4840 | D:5      | Reached skill level 6 in Dodging
  5475 | D:4      | Reached skill level 7 in Dodging
  5475 | D:4      | Reached XP level 7. HP: 70/70 MP: 7/7
  5682 | D:4      | Found a radiant altar of Vehumet.
  5686 | D:4      | Found a sparkling altar of Nemelex Xobeh.
  5689 | D:4      | Found a snail-covered altar of Cheibriados.
  6261 | D:5      | Noticed Menkaure
  6268 | D:5      | Killed Menkaure
  6269 | D:5      | Reached skill level 8 in Dodging
  6955 | D:5      | Noticed Eustachio
  7036 | D:5      | Killed Eustachio
  7037 | D:5      | Reached XP level 8. HP: 39/78 MP: 5/8
  7499 | D:6      | Found a stormy altar of Qazlal.
  7602 | D:5      | Reached skill level 9 in Dodging
  7653 | D:6      | Noticed an air elemental
  7654 | D:6      | Noticed a water elemental
  7665 | D:6      | Noticed Grinder
  7674 | D:6      | Killed Grinder
  7788 | D:6      | Found a staircase to the Ecumenical Temple.
  8337 | D:6      | Reached skill level 10 in Dodging
  8420 | D:6      | You fall into a shaft and drop 1 floor!
  8536 | D:7      | Reached XP level 9. HP: 84/84 MP: 9/9
  8536 | D:7      | Reached **** piety under Trog
  9121 | D:7      | Reached skill level 11 in Dodging
 10331 | D:6      | Found a glowing golden altar of the Shining One.
 11541 | D:7      | Reached skill level 12 in Dodging
 12152 | D:8      | Noticed Harold
 12175 | D:8      | Slain by Harold

Illustrated notes

Levels and vault maps discovered:
D:1:      kilobyte_arrival_exit_the_forest, layout_basic, kennysheep_doodads
D:2:      minmay_recursive_quarters, layout_basic
D:3:      layout_rooms, serial_undead, serial_undead_b, serial_undead_d,
          serial_undead_f, serial_undead_c, serial_undead_f, serial_undead_a,
          kennysheep_okawaru_gauntlet
D:4:      layout_cave_pools, minmay_overflow_temple_star_quad,
          serial_bayou_pond_d, minivault_1
D:5:      layout_basic, kennysheep_crisscross, uniq_eustachio, uniq_menkaure
D:6:      layout_gridville, tso_altar, minmay_temple_entry_antechambers,
          kennysheep_nub, nicolae_qazlal_style_of_elements, uniq_grinder
D:7:      layout_loops_ring
D:8:      layout_rooms, yredelemnul_forgotten_temple_becter, uniq_harold

Skill      XL: |  1  2  3  4  5  6  7  8  9 |
---------------+----------------------------+-----
Dodging        | 3 4 5 7 8 10 12 | 12.1
Fighting       | |  4.0
Maces & Flails | |  2.7

Action                   |  1- 3 |  4- 6 |  7- 9 || total
-------------------------+-------+-------+-------++-------
Melee: Mace              |   120 |   156 |       ||   276
       Morningstar       |       |    83 |   256 ||   339
       Whip              |       |       |    93 ||    93
       Flail             |       |       |    61 ||    61
Invok: Berserk           |     2 |    10 |    16 ||    28
       Trog's Hand       |       |       |     2 ||     2
       Brothers in Arms  |       |       |     2 ||     2
Evoke: Wand              |       |     3 |       ||     3
  Use: Scroll            |       |    10 |    10 ||    20
       Potion            |       |       |     6 ||     6
Armor: Animal skin       |    45 |    83 |   109 ||   237
       Skin              |       |       |    59 ||    59
Dodge: Dodged            |    86 |   200 |   361 ||   647
